 Dungeon Crawl Stone Soup version 0.29-a0-575-g0dc89cf053 (webtiles) character file.

Game seed: 17958651997266946918

95 DocClef the Covert (level 4, -2/41 HPs)
             Began as a Gnoll Delver on June 12, 2022.
             Slain by a gnoll
             ... wielding a +0 spear
              (7 damage)
             ... on level 6 of the Dungeon.
             The game lasted 00:00:25 (175 turns).

DocClef the Covert (Gnoll Delver)                    Turns: 175, Time: 00:00:27

Health: -2/41      AC:  3    Str: 11    XL:     4   Next: 65%
Magic:  5/5        EV: 13    Int: 10    God:
Gold:   14         SH:  0    Dex: 15    Spells: 5/5 levels left

rFire   . . .      SeeInvis .   a - +0 short sword
rCold   . . .      Faith    .   (no shield)
rNeg    . . .      Spirit   .   b - +0 leather armour
rPois   .          Reflect  .   (no helmet)
rElec   .          Harm     .   (no cloak)
rCorr   .          Rampage  .   (no gloves)
Will    .....                   (no boots)
Stlth   ++++......              (no amulet)
HPRegen 0.13/turn               (no ring)
MPRegen 0.09/turn               (no ring)

@: no status effects
A: fangs 1, strong nose, distributed training
a: no special abilities


You were on level 6 of the Dungeon.
You visited 1 branch of the dungeon, and saw 2 of its levels.

You collected 14 gold pieces.

Inventory:

Hand Weapons
 a - a +0 short sword (weapon)
Armour
 b - a +0 leather armour (worn)
Wands
 g - a wand of digging (3)
Scrolls
 c - a scroll of fog
 d - a scroll of magic mapping
 e - a scroll of fear
Potions
 f - a potion of haste
 h - a potion of cancellation {unknown}
 i - 2 potions of curing {unknown}


   Skills:
 + Level 6.6 Fighting
 + Level 4.6 Short Blades
 + Level 1.2 Long Blades
 + Level 1.2 Axes
 + Level 1.2 Maces & Flails
 + Level 1.2 Polearms
 + Level 1.2 Staves
 + Level 1.2 Slings
 + Level 1.2 Bows
 + Level 1.2 Crossbows
 + Level 1.2 Throwing
 + Level 1.2 Armour
 + Level 4.6 Dodging
 + Level 9.6 Stealth
 + Level 1.2 Shields
 + Level 1.2 Unarmed Combat
 + Level 1.2 Spellcasting
 + Level 1.0 Conjurations
 + Level 1.0 Hexes
 + Level 1.0 Summonings
 + Level 1.0 Necromancy
 + Level 1.0 Translocations
 + Level 1.0 Transmutations
 + Level 1.0 Fire Magic
 + Level 1.0 Ice Magic
 + Level 1.0 Air Magic
 + Level 1.0 Earth Magic
 + Level 1.0 Poison Magic
 + Level 1.3 Invocations
 + Level 1.2 Evocations


You had 5 spell levels left.
You didn't know any spells.
Your spell library was empty.

Dungeon Overview and Level Annotations

Branches:
Dungeon (6/15)
 Temple: D:4-7

Altars:


Innate Abilities, Weirdness & Mutations

You have very sharp teeth.
Your uncanny sense of smell can sniff out nearby items.
Your experience applies equally to all skills.


Message History

The gnoll is moderately wounded.
You hit the gnoll.
The gnoll is heavily wounded.
The gnoll hits you with a +0 spear.
The gnoll hits you from afar with a +0 spear!
You hit the gnoll.
The gnoll is almost dead.
The gnoll closely misses you.
The gnoll hits you from afar with a +0 spear!
You hit the gnoll but do no damage. You bite the gnoll.
You kill the gnoll!
The gnoll hits you from afar with a +0 spear.
You hit the gnoll but do no damage. The gnoll closely misses you.
The gnoll hits you from afar with a +0 spear.
There is a stone staircase leading up here.
You closely miss the gnoll. The gnoll closely misses you.
You hit the gnoll but do no damage. The gnoll closely misses you. x2
You puncture the gnoll! You bite the gnoll, but do no damage.
The gnoll is heavily wounded.
You hit the gnoll.
You kill the gnoll!
The gnoll hits you from afar with a +0 spear!
* * * LOW HITPOINT WARNING * * *
Your Conjurations skill increases to level 1!
Your Hexes skill increases to level 1!
Your Summonings skill increases to level 1!
Your Necromancy skill increases to level 1!
Your Translocations skill increases to level 1!
Your Transmutations skill increases to level 1!
Your Fire Magic skill increases to level 1!
Your Ice Magic skill increases to level 1!
Your Air Magic skill increases to level 1!
Your Earth Magic skill increases to level 1!
Your Poison Magic skill increases to level 1!
Unknown command.
The gnoll barely misses you.
Things that are here:
a +0 flail; a gnoll corpse You closely miss the gnoll.
The gnoll hits you with a +0 spear!
You die...

#### #..#
##<#
#@###
#g#.##
#.$..#
#......#
#......#
#......#
.......#
#.......#
#.......#


You could see a gnoll.

Vanquished Creatures
  A phantom (D:5)
  2 gnolls (D:6)
  A dart slug (D:5)
  An orc (D:5)
5 creatures vanquished.

Notes
Turn   | Place    | Note
-------+----------+-------------------------------------------
     0 | D:5      | Reached skill level 9 in Stealth
     0 | D:5      | DocClef the Gnoll Delver began the quest for the Orb.
     0 | D:5      | Reached XP level 1. HP: 23/23 MP: 1/1
    74 | D:5      | Noticed a phantom
    77 | D:5      | Killed a phantom
    78 | D:5      | Reached skill level 1 in Long Blades
    78 | D:5      | Reached skill level 1 in Axes
    78 | D:5      | Reached skill level 1 in Maces & Flails
    78 | D:5      | Reached skill level 1 in Polearms
    78 | D:5      | Reached skill level 1 in Staves
    78 | D:5      | Reached skill level 1 in Slings
    78 | D:5      | Reached skill level 1 in Bows
    78 | D:5      | Reached skill level 1 in Crossbows
    78 | D:5      | Reached skill level 1 in Throwing
    78 | D:5      | Reached skill level 1 in Armour
    78 | D:5      | Reached skill level 1 in Shields
    78 | D:5      | Reached skill level 1 in Unarmed Combat
    78 | D:5      | Reached skill level 1 in Spellcasting
    78 | D:5      | Reached skill level 1 in Invocations
    78 | D:5      | Reached skill level 1 in Evocations
    78 | D:5      | Reached XP level 2. HP: 29/29 MP: 1/3
    78 | D:5      | Reached XP level 3. HP: 35/35 MP: 1/4
    78 | D:5      | Reached XP level 4. HP: 41/41 MP: 1/5
   174 | D:6      | Reached skill level 1 in Conjurations
   174 | D:6      | Reached skill level 1 in Hexes
   174 | D:6      | Reached skill level 1 in Summonings
   174 | D:6      | Reached skill level 1 in Necromancy
   174 | D:6      | Reached skill level 1 in Translocations
   174 | D:6      | Reached skill level 1 in Transmutations
   174 | D:6      | Reached skill level 1 in Fire Magic
   174 | D:6      | Reached skill level 1 in Ice Magic
   174 | D:6      | Reached skill level 1 in Air Magic
   174 | D:6      | Reached skill level 1 in Earth Magic
   174 | D:6      | Reached skill level 1 in Poison Magic
   175 | D:6      | Slain by a gnoll

Illustrated notes

Levels and vault maps discovered:
D:5:      layout_basic, minmay_temple_entry_slanted, gammafunk_ghost_grave,
          minmay_misc_feat_tiny
D:6:      layout_cave_pods, nicolae_sif_muna_little_library,
          grunt_temple_overflow_holy_war, uniq_menkaure

Skill      XL: |  1  2  3  4 |
---------------+-------------+-----
Stealth        | |  9.6
Long Blades    | 1 |  1.2
Axes           | 1 |  1.2
Maces & Flails | 1 |  1.2
Polearms       | 1 |  1.2
Staves         | 1 |  1.2
Slings         | 1 |  1.2
Bows           | 1 |  1.2
Crossbows      | 1 |  1.2
Throwing       | 1 |  1.2
Armour         | 1 |  1.2
Shields        | 1 |  1.2
Unarmed Combat | 1 |  1.2
Spellcasting   | 1 |  1.2
Invocations    | 1 |  1.3
Evocations     | 1 |  1.2
Conjurations   | 1 |  1.0
Hexes          | 1 |  1.0
Summonings     | 1 |  1.0
Necromancy     | 1 |  1.0
Translocations | 1 |  1.0
Transmutations | 1 |  1.0
Fire Magic     | 1 |  1.0
Ice Magic      | 1 |  1.0
Air Magic      | 1 |  1.0
Earth Magic    | 1 |  1.0
Poison Magic   | 1 |  1.0
Fighting       | |  6.6
Short Blades   | |  4.6
Dodging        | |  4.6

Action                   |  1- 3 |  4- 6 || total
-------------------------+-------+-------++-------
Melee: Short sword       |     5 |    11 ||    16
       Bite              |     2 |     2 ||     4
 Stab: Sleeping          |     1 |       ||     1
Dodge: Dodged            |     1 |     6 ||     7

Table legend: (Time is in decaauts)
 A = Elapsed time spent in this place.
 B = Non-inter-level travel time spent in this place.
 C = Inter-level travel time spent in this place.
 D = Time resting spent in this place.
 E = Time spent auto-exploring this place.
 F = Levels seen in this place.
 G = Mean time per level.
                   A        B        C        D        E       F      G
               +--------+--------+--------+--------+--------+-----+--------+
         Total |    172 |    172 |      0 |      0 |    122 |   2 |   86.0 |
       Dungeon |    172 |    172 |      0 |      0 |    122 |   2 |   86.0 |
               +--------+--------+--------+--------+--------+-----+--------+

Top non-repeatable levels by time:
     D:5: 153 daAuts
     D:6: 19 daAuts
